Map: Mech Depot LE

Players

Snute

  • Race: Zerg Zerg
  • Spawn Location: 1:00

MacSed - Winner!

  • Race: Protoss Protoss
  • Spawn Location: 7:00

Event: WCS Montreal 2017

VOD

Have the link to the VOD?

Description

Time

  • Played on: Sept. 8, 2017, 6:33 p.m.
  • Length: 34:17

All games in this series

Show
View Real Time Build Order
Export as new Build Order

Snute Zerg 

Build Orders: Hatch First 

Get SALT Encoding   

  12  0:00  Drone  
  13  0:12  Overlord  
  13  0:16  Drone  
  14  0:30  Drone x2  
  14  0:34  Drone  
  17  0:51  Hatchery  
  17  0:54  Drone  
  17  0:57  Drone  
  17  0:59  Extractor  
  17  1:13  Spawning Pool  
  17  1:16  Drone  
  17  1:19  Drone  
  18  1:29  Drone  
  19  1:38  Overlord  
  19  1:49  Drone  
  20  1:59  Metabolic Boost  
  20  2:00  Queen  
  20  2:01  Zergling x2  
  23  2:04  Queen  
  23  2:08  Zergling x2  
  26  2:11  Drone  
  26  2:14  Drone  
  28  2:21  Drone  
  29  2:28  Drone  
  30  2:33  Drone  
  30  2:35  Drone  
  30  2:36  Pneumatized Carapace  
  32  2:44  Drone  
  33  2:53  Hatchery  
  33  2:54  Overlord  
  31  2:59  Drone x2  
  31  3:04  Drone  
  34  3:08  Drone  
  34  3:10  Drone  
  37  3:12  Drone  
  37  3:13  Drone x3  
  37  3:15  Drone  
  37  3:17  Drone  
  42  3:20  Overlord  
  42  3:27  Overlord  
  42  3:31  Drone  
  43  3:36  Spore Crawler  
  43  3:39  Queen  
  43  3:40  Spore Crawler  
  43  3:42  Drone  
  43  3:43  Drone x2  
  43  3:44  Drone  
  43  3:48  Drone x3  
  50  3:57  Queen  
  52  4:03  Overlord, Drone x2  
  52  4:05  Spore Crawler  
  52  4:07  Queen  
  55  4:10  Drone x2  
  55  4:11  Drone  
  55  4:14  Drone  
  55  4:15  Drone  
  55  4:16  Drone  
  61  4:21  Overlord  
  61  4:25  Drone x4  
  61  4:28  Drone x2  
  67  4:34  Lair  
  67  4:38  Evolution Chamber  
  67  4:39  Baneling Nest, Drone  
  67  4:43  Drone  
  67  4:44  Drone  
  68  4:48  Extractor x2  
  68  4:49  Zergling x4  
  68  4:53  Overlord  
  68  4:54  Zergling x4  
  70  5:02  Zergling x2  
  70  5:03  Zergling x8  
  70  5:06  Drone, Zerg Missile Weapons Level 1  
  75  5:10  Extractor  
  75  5:11  Drone  
  75  5:19  Drone x5  
  77  5:24  Drone  
  77  5:26  Extractor  
  77  5:29  Hatchery  
  77  5:32  Overlord  
  77  5:34  Overlord  
  76  5:35  Overlord x2  
  76  5:36  Overlord  
  76  5:42  Hydralisk Den  
  75  5:47  Drone  
  75  5:48  Drone x2  
  76  5:50  Drone x4  
  76  5:56  Centrifical Hooks  
  80  5:58  Drone x3  
  80  6:01  Hatchery  
  82  6:06  Overlord  
  82  6:13  Muscular Augments, Hydralisk  
  82  6:14  Hydralisk x3  
  90  6:21  Hydralisk x2  
  90  6:24  Hydralisk  
  94  6:28  Hydralisk  
  94  6:31  Zergling x2  
  94  6:32  Zergling x14  
  104  6:39  Hydralisk x3  
  110  6:43  Hydralisk  
  112  6:48  Hydralisk  
  112  6:51  Hydralisk  
  116  6:58  Zergling x20  
  126  7:02  Zerg Missile Weapons Level 2  
  126  7:05  Hydralisk  
  128  7:11  Hydralisk  
  128  7:14  Zergling x2  
  128  7:15  Extractor, Zergling x16  
  138  7:18  Hydralisk  
  138  7:20  Overseer  
  138  7:21  Hydralisk  
  142  7:29  Overlord x3  
  142  7:33  Spore Crawler  
  141  7:42  Overlord x2  
  141  7:48  Hydralisk x7  
  141  7:49  Hydralisk  
  141  7:50  Zergling x2  
  158  7:51  Zergling x2  
  158  7:56  Baneling x5  
  159  8:02  Baneling x4  
  159  8:07  Zergling x12  
  159  8:08  Zergling x6  
  159  8:10  Baneling x4  
  159  8:11  Baneling  
  166  8:32  Hydralisk x7  
  177  8:41  Hydralisk x3  
  176  8:47  Baneling x4  
  155  9:04  Zergling x2  
  155  9:05  Zergling x42  
  128  9:10  Hydralisk x2  
  124  9:18  Infestation Pit  
  124  9:21  Hydralisk x4  
  131  9:25  Hydralisk x2  
  135  9:31  Hydralisk x2  
  135  9:34  Hydralisk x2  
  142  9:38  Hydralisk  
  142  9:39  Hydralisk  
  142  9:42  Drone x2  
  142  9:44  Drone  
  149  9:47  Drone x3  
  149  9:48  Drone  
  149  9:50  Drone  
  149  9:51  Drone  
  155  9:55  Infestor  
  157  10:01  Infestor  
  157  10:05  Extractor  
  158  10:10  Hydralisk x2  
  162  10:14  Zergling x14  
  162  10:17  Hatchery  
  168  10:25  Zergling x2  
  168  10:26  Zergling x20  
  179  10:32  Hydralisk  
  179  10:34  Overlord x3  
  180  10:48  Hive  
  179  10:50  Spire  
  179  10:54  Zergling x2  
  179  10:55  Zergling x26  
  183  11:07  Zerg Melee Weapons Level 1  
  183  11:11  Spore Crawler  
  178  11:41  Queen x4  
  178  11:46  Spore Crawler  
  178  11:47  Spore Crawler  
  178  11:48  Spore Crawler x2  
  178  11:49  Spore Crawler x2  
  170  12:02  Greater Spire  
  167  12:10  Corruptor  
  167  12:11  Corruptor x6  
  167  12:14  Baneling x3  
  167  12:15  Baneling x11  
  181  12:17  Queen  
  183  12:30  Spore Crawler  
  180  12:49  Extractor  
  180  12:50  Spine Crawler  
  171  13:03  Zerg Melee Weapons Level 2  
  170  13:13  Brood Lord x7  
  184  13:20  Spore Crawler, Zergling x32  
  199  13:31  Zerg Flyer Armor Level 1  
  199  13:33  Overlord  
  199  13:55  Baneling x6  
  199  13:56  Baneling x2  
  199  14:04  Neural Parasite  
  199  14:14  Baneling x2  
  199  14:15  Baneling x22  
  196  14:37  Extractor x2  
  190  14:47  Spore Crawler x2  
  190  14:48  Spore Crawler  
  190  14:50  Spore Crawler  
  190  14:51  Spore Crawler  
  175  14:58  Infestor x5  
  174  15:07  Infestor  
  174  15:08  Drone x2  
  174  15:09  Drone x8  
  178  15:20  Drone x5  
  174  15:26  Zerg Melee Weapons Level 3  
  174  15:35  Spore Crawler  
  173  15:36  Spore Crawler  
  173  15:38  Spore Crawler  
  173  15:39  Spore Crawler, Hatchery  
  173  15:40  Spore Crawler  
  168  15:46  Spore Crawler  
  167  15:51  Infestor x3  
  167  15:55  Burrow  
  171  15:59  Zergling x14  
  178  16:05  Drone  
  178  16:06  Drone x2  
  168  16:38  Infestor x4  
  175  16:51  Zerg Flyer Armor Level 2  
  175  16:54  Zergling x2  
  175  16:55  Zergling x8  
  175  16:59  Drone  
  175  17:00  Drone x2  
  183  17:07  Overseer x3  
  183  17:21  Infestor x14  
  171  17:48  Spore Crawler x3  
  171  17:49  Spore Crawler  
  167  17:52  Spore Crawler  
  167  17:54  Spore Crawler  
  167  17:56  Spore Crawler x2  
  167  17:57  Spore Crawler x2  
  167  17:58  Spore Crawler  
  160  17:59  Spore Crawler  
  160  18:03  Spore Crawler  
  160  18:04  Spore Crawler  
  157  18:11  Drone  
  157  18:12  Drone x2  
  157  18:34  Hatchery  
  157  18:40  Overseer  
  155  18:47  Drone x8  
  155  18:48  Drone x2  
  160  19:13  Drone x2  
  160  19:14  Drone x2  
  160  19:21  Drone  
  161  19:28  Zergling x4  
  161  19:29  Zergling x6  
  150  20:11  Hydralisk x4  
  150  20:12  Hydralisk x2  
  150  20:13  Drone x3  
  150  20:14  Drone x4  
  163  20:21  Viper  
  163  20:22  Viper x2  
  170  21:14  Extractor  
  161  21:18  Drone  
  161  21:19  Drone x3  
  161  21:20  Queen x2  
  161  21:21  Queen, Hydralisk x2  
  161  21:22  Hydralisk x2  
  161  21:25  Extractor  
  162  21:31  Spore Crawler  
  162  21:32  Spore Crawler  
  160  21:33  Spore Crawler x2  
  160  21:36  Spore Crawler  
  160  21:37  Spore Crawler  
  156  21:41  Drone x2  
  156  21:43  Drone x3  
  142  22:36  Hydralisk x3  
  142  22:37  Hydralisk  
  143  22:57  Hatchery  
  142  23:30  Hatchery  
  142  23:31  Corruptor x2  
  145  23:37  Queen x3  
  141  24:20  Drone  
  141  24:21  Drone x5  
  141  24:22  Drone  
  148  24:42  Drone x7  
  148  24:45  Zerg Flyer Armor Level 3  
  155  24:50  Drone x4  
  155  24:52  Drone  
  160  25:05  Brood Lord  
  160  25:06  Brood Lord  
  164  25:33  Hatchery  
  163  25:55  Zergling x2  
  163  25:56  Zergling x42  
  185  26:12  Extractor  
  184  26:20  Infestor x2  
  184  26:22  Drone  
  184  26:23  Drone x2  
  191  26:34  Hatchery  
  190  26:55  Queen x3  
  176  27:20  Lair  
  153  27:56  Corruptor  
  153  27:57  Corruptor x2  
  159  28:08  Drone x5  
  159  28:09  Drone  
  165  28:21  Corruptor x3  
  165  28:22  Corruptor  
  173  28:28  Extractor  
  173  28:29  Drone  
  173  28:30  Drone x4  
  173  28:31  Spore Crawler  
  173  28:32  Spore Crawler  
  173  28:33  Adrenal Glands  
  173  28:34  Spore Crawler x3  
  174  28:35  Spore Crawler  
  171  28:42  Zerg Flyer Weapons Level 1  
  171  29:04  Drone x4  
  171  29:05  Drone x4  
  173  29:21  Brood Lord x3  
  179  29:25  Spore Crawler  
  179  29:26  Zergling x2  
  179  29:27  Zergling x12, Hatchery  
  182  29:45  Zergling x18  
  191  30:17  Extractor  
  191  30:18  Extractor  
  189  30:27  Drone x2  
  191  30:30  Hatchery  
  187  30:44  Corruptor  
  187  30:45  Corruptor x4  
  197  30:50  Drone x2  
  197  30:51  Drone  
  200  31:00  Lair  
  200  31:02  Spire  
  199  31:04  Spawning Pool, Spore Crawler, Infestation Pit  
  199  31:05  Spore Crawler  
  199  31:06  Spore Crawler  
  128  31:53  Infestor x5  
  138  31:57  Queen x2  
  142  32:01  Drone x6  
  142  32:02  Drone x8  
  156  32:17  Spore Crawler x2  
  156  32:18  Spore Crawler  
  139  32:51  Spore Crawler  
  138  33:12  Overlord x2  
  138  33:13  Overlord x2  
  138  33:24  Spore Crawler  
  138  33:26  Spore Crawler  
  136  33:30  Spore Crawler x4  
  136  33:32  Spore Crawler  
  127  33:35  Spore Crawler  
  124  33:43  Drone x9  
  133  33:50  Hydralisk Den  
Show
View Real Time Build Order
Export as new Build Order

MacSed Protoss - Winner!

Build Orders: 1 Gate Expand, Oracle Opening, Phoenix Opening, Carriers, Zealot Archon 

Get SALT Encoding   

  12  0:01  Probe (Chrono Boost)  
  13  0:11  Probe (Chrono Boost)  
  14  0:18  Pylon  
  14  0:22  Probe (Chrono Boost)  
  15  0:36  Probe (Chrono Boost)  
  15  0:39  Gateway  
  16  0:47  Probe (Chrono Boost)  
  16  0:48  Assimilator  
  17  0:57  Probe (Chrono Boost)  
  18  1:08  Probe (Chrono Boost)  
  20  1:18  Probe (Chrono Boost)  
  20  1:25  Nexus  
  20  1:36  Cybernetics Core  
  20  1:39  Probe (Chrono Boost)  
  21  1:44  Assimilator  
  21  1:49  Probe (Chrono Boost)  
  22  1:55  Pylon  
  22  2:00  Probe (Chrono Boost)  
  23  2:13  Probe (Chrono Boost), Adept (Chrono Boost)  
  26  2:19  Stargate  
  26  2:25  Probe  
  26  2:26  Warp Gate  
  27  2:37  Probe (Chrono Boost)  
  27  2:38  Probe (Chrono Boost), Adept (Chrono Boost)  
  31  2:49  Probe x2 (Chrono Boost)  
  33  2:59  Probe x2 (Chrono Boost)  
  35  3:06  Oracle (Chrono Boost)  
  35  3:08  Probe  
  35  3:10  Probe  
  40  3:13  Pylon  
  40  3:19  Probe  
  40  3:20  Adept  
  40  3:22  Probe  
  44  3:29  Probe  
  44  3:31  Gateway  
  45  3:34  Probe  
  45  3:38  Phoenix (Chrono Boost)  
  45  3:40  Probe  
  48  3:44  Assimilator  
  48  3:46  Assimilator, Probe  
  50  3:50  Probe  
  50  3:55  Pylon  
  51  3:58  Probe  
  51  4:00  Pylon  
  52  4:07  Probe  
  53  4:11  Probe  
  54  4:18  Probe  
  54  4:23  Probe  
  56  4:27  Nexus  
  56  4:28  Probe, Oracle (Chrono Boost)  
  60  4:34  Stargate  
  60  4:38  Mothership Core, Adept  
  62  4:42  Adept  
  62  4:44  Probe  
  67  4:49  Pylon  
  67  4:57  Probe  
  67  4:58  Probe  
  69  5:06  Pylon  
  69  5:08  Probe  
  69  5:09  Probe  
  69  5:10  Oracle (Chrono Boost)  
  74  5:19  Probe  
  74  5:21  Probe  
  74  5:28  Oracle (Chrono Boost)  
  75  5:29  Probe  
  75  5:30  Twilight Council  
  75  5:31  Forge  
  75  5:33  Probe  
  77  5:38  Probe, Pylon  
  77  5:40  Probe  
  77  5:41  Oracle (Chrono Boost), Pylon  
  81  5:44  Zealot x2  
  81  5:45  Probe  
  81  5:48  Probe  
  86  5:50  Probe  
  86  5:55  Protoss Ground Weapons Level 1  
  88  5:57  Assimilator, Probe  
  88  5:59  Assimilator, Probe  
  88  6:01  Probe  
  88  6:04  Oracle (Chrono Boost)  
  94  6:06  Charge (Chrono Boost)  
  94  6:09  Probe  
  95  6:12  Pylon  
  95  6:15  Probe, Oracle (Chrono Boost)  
  99  6:24  Probe  
  99  6:25  Probe  
  100  6:27  Probe  
  100  6:32  Gateway  
  102  6:33  Gateway  
  102  6:35  Oracle (Chrono Boost)  
  102  6:38  Gateway  
  102  6:39  Gateway  
  105  6:48  Probe, Oracle  
  109  6:59  Nexus  
  109  7:02  Pylon  
  109  7:08  Zealot  
  109  7:09  Zealot  
  109  7:10  Oracle  
  109  7:15  Gateway x2  
  115  7:16  Templar Archives  
  115  7:18  Pylon  
  115  7:19  Pylon  
  115  7:26  Photon Cannon x2  
  115  7:27  Photon Cannon  
  115  7:29  Sentry, Oracle  
  117  7:35  Pylon  
  117  7:37  Pylon  
  120  7:41  Pylon  
  120  7:45  Oracle  
  120  7:47  Pylon  
  120  7:50  Pylon  
  123  7:53  Pylon  
  123  7:55  High Templar x2, Pylon  
  127  7:59  Archon  
  127  8:00  Oracle  
  127  8:04  Pylon  
  130  8:07  Zealot x4  
  138  8:22  High Templar x2  
  142  8:27  Archon  
  142  8:29  Zealot x6  
  154  8:49  Probe  
  154  8:50  Probe, High Templar x4  
  154  8:54  Archon x2  
  164  8:57  Zealot x3  
  143  9:04  Oracle  
  143  9:06  Zealot  
  143  9:08  Probe  
  143  9:09  Oracle  
  121  9:10  Probe  
  121  9:11  Probe  
  119  9:20  Assimilator  
  119  9:21  Assimilator  
  119  9:22  Zealot x7  
  133  9:34  Nexus  
  133  9:35  Psionic Storm, Pylon  
  133  9:39  Zealot, Oracle (Chrono Boost), Pylon  
  133  9:45  Oracle (Chrono Boost)  
  141  9:49  High Templar x2  
  141  9:50  Zealot x3  
  151  9:56  Protoss Ground Weapons Level 2  
  151  10:06  Photon Cannon  
  151  10:07  Photon Cannon  
  151  10:09  Photon Cannon  
  151  10:10  Photon Cannon  
  151  10:13  High Templar x2  
  155  10:15  Assimilator  
  155  10:16  Zealot x3  
  155  10:19  Assimilator  
  155  10:21  Oracle (Chrono Boost)  
  164  10:23  Oracle (Chrono Boost)  
  167  10:31  Zealot  
  167  10:32  Zealot  
  171  10:38  Zealot, Fleet Beacon  
  173  10:45  Photon Cannon  
  173  10:47  Photon Cannon  
  173  10:50  Zealot x4  
  179  11:03  Zealot x4  
  185  11:10  High Templar x2  
  189  11:17  Stargate  
  185  11:31  Zealot x5  
  185  11:47  High Templar x2  
  187  11:56  Graviton Catapult  
  185  12:01  Zealot x6  
  189  12:21  Carrier (Chrono Boost)  
  195  12:28  Protoss Ground Weapons Level 3  
  195  12:36  Carrier (Chrono Boost)  
  195  12:37  Carrier (Chrono Boost)  
  192  12:40  Protoss Air Weapons Level 1 (Chrono Boost)  
  189  12:44  Cybernetics Core  
  189  12:45  Zealot x4  
  189  12:46  Zealot  
  189  12:50  Forge  
  187  13:01  High Templar x3  
  193  13:09  Archon  
  191  13:17  Robotics Facility  
  191  13:28  Protoss Shields Level 1  
  191  13:31  Stargate  
  191  13:32  Stargate  
  191  13:34  Stargate  
  191  13:38  Carrier (Chrono Boost)  
  195  13:42  Protoss Air Armor Level 1 (Chrono Boost)  
  195  13:55  High Templar x2  
  199  14:08  Observer  
  190  14:34  Photon Cannon  
  190  14:35  Void Ray x2  
  190  14:36  Photon Cannon  
  198  14:51  High Templar x2  
  195  15:00  Nexus, Pylon  
  195  15:09  Photon Cannon  
  195  15:11  Photon Cannon  
  195  15:16  Void Ray  
  181  15:23  Photon Cannon  
  181  15:24  High Templar x2  
  181  15:25  Photon Cannon, Archon  
  181  15:26  Photon Cannon  
  181  15:28  Archon  
  185  15:29  Photon Cannon, Zealot x6  
  185  15:31  Photon Cannon  
  197  15:38  Protoss Shields Level 2  
  194  15:44  Assimilator  
  194  15:48  Assimilator  
  193  15:54  Void Ray  
  195  15:57  Protoss Ground Armor Level 1  
  195  15:58  Protoss Air Armor Level 2 (Chrono Boost), Protoss Air Weapons Level 2 (Chrono Boost)  
  193  16:07  Void Ray  
  189  16:36  High Templar  
  189  16:37  High Templar, Zealot x3  
  189  16:38  Zealot  
  193  16:40  High Templar  
  193  16:42  High Templar, Archon  
  193  16:46  Archon  
  197  17:06  Nexus  
  197  17:08  Pylon  
  197  17:31  Photon Cannon x2  
  197  17:33  Photon Cannon, Observer  
  197  17:34  Photon Cannon  
  194  17:38  Assimilator, High Templar x4  
  194  17:42  Assimilator  
  190  17:44  Archon  
  190  17:45  Protoss Shields Level 3, Zealot x2, Archon  
  190  17:46  Zealot x2  
  198  18:05  Protoss Ground Armor Level 2  
  198  18:07  Protoss Air Armor Level 3 (Chrono Boost), Protoss Air Weapons Level 3 (Chrono Boost)  
  198  18:24  Observer  
  187  18:39  High Templar x2  
  187  18:40  High Templar x2  
  191  18:43  Archon  
  191  18:44  Archon  
  191  18:45  Zealot x4  
  191  18:47  Nexus  
  199  18:56  Nexus  
  188  19:12  Carrier x2  
  188  19:17  Pylon  
  200  19:19  High Templar x4  
  200  19:22  Zealot x4  
  200  19:23  Archon  
  195  19:24  Archon  
  195  19:41  Pylon  
  195  19:52  Photon Cannon  
  195  19:54  Photon Cannon  
  195  19:56  Photon Cannon  
  195  19:57  Photon Cannon  
  195  20:00  Photon Cannon  
  195  20:01  Photon Cannon  
  195  20:02  Photon Cannon  
  195  20:04  Photon Cannon  
  184  20:07  Photon Cannon  
  184  20:11  Pylon  
  176  20:30  High Templar x4  
  176  20:31  Zealot x4  
  176  20:34  Archon  
  192  20:35  Archon  
  192  21:04  High Templar x3  
  194  21:05  High Templar  
  191  21:18  Archon  
  179  21:34  High Templar x4  
  179  21:36  Zealot x3  
  179  21:37  Zealot  
  179  21:38  Archon x2  
  195  22:05  Photon Cannon, Zealot x2  
  195  22:06  Photon Cannon, Archon x2  
  198  22:10  Photon Cannon  
  192  22:21  Assimilator x2  
  192  22:22  Zealot x3  
  169  22:46  Zealot x3  
  169  22:47  Zealot x4  
  169  22:49  Zealot  
  176  23:05  Carrier x3 (Chrono Boost)  
  182  23:08  Carrier (Chrono Boost)  
  190  23:23  Probe  
  179  23:32  Zealot x7  
  179  23:33  Probe, Zealot  
  196  23:44  Probe  
  197  23:54  Probe  
  182  24:05  Probe  
  182  24:08  Carrier (Chrono Boost)  
  182  24:09  Carrier (Chrono Boost), Pylon  
  193  24:12  Assimilator x2  
  189  24:30  Carrier (Chrono Boost)  
  195  24:31  Photon Cannon  
  195  24:33  Photon Cannon  
  195  24:36  Photon Cannon  
  195  24:38  Photon Cannon  
  195  24:50  Nexus  
  195  24:52  High Templar x2  
  199  24:55  Pylon  
  199  24:56  Archon  
  197  26:06  Nexus  
  197  26:13  Protoss Ground Armor Level 3  
  197  26:31  Nexus  
  197  26:32  Pylon  
  197  26:33  Pylon  
  188  26:56  Zealot x6  
  180  27:39  Zealot x3  
  180  27:42  High Templar x2  
  188  27:45  Probe x3  
  188  27:57  Tempest (Chrono Boost)  
  196  28:02  Tempest (Chrono Boost)  
  196  28:08  Pylon  
  196  28:15  Observer  
  191  28:27  Photon Cannon  
  191  28:36  Assimilator  
  191  28:37  Observer  
  192  28:41  Zealot x4  
  198  29:13  Observer  
  193  29:34  Observer  
  190  29:39  Pylon  
  190  29:45  Pylon  
  190  29:48  Nexus  
  190  29:59  Photon Cannon  
  190  30:07  High Templar x4  
  190  30:12  Archon x2  
  198  30:21  Photon Cannon  
  197  31:09  Zealot  
  183  31:45  High Templar x4  
  183  31:46  High Templar x2  
  183  31:47  Zealot x2  
  197  31:52  Archon x3  
  198  32:24  Zealot  
  190  33:00  Zealot x3  
  196  33:34  Zealot x2  
Tags
 
Add a new tag
Caveats
  • Supply blocks, unpowered buildings, or Contaminate may cause inaccurate times.
  • Supply counts are checked every 10 seconds.